AoeStats
← hoijertz

Arena

504844601Analyzed
3v3 RM · 27d ago on Sep 6, 2026· 50m 11s· 6 players
Game mode
Random Map
Map size
Normal (6 player)
Population
200
Speed
Normal
Resources
Standard
Victory
Conquest
Starting age
Dark Age
Ending age
Imperial Age
RankedLock teamsTeams togetherTeam positionsShared explorationLock speedFull tech treeHidden civsTurbo modeCheats
Victory
Defeat
🇨🇴 Turks · Colombia
1030
+14
🇨🇴 Khmer · Colombia
947
+17
🇨🇴 Vietnamese · Colombia
894
+19
🇸🇪 Bohemians · Sweden
1037
-19
🇸🇪 Cumans · Sweden
990
-17
🇸🇪 Romans · Sweden
895
-14
JoseAli
11:34 Feudal Age
14:30 Castle Age
12:48 Double-Bit Axe
18:06 Loom
19:44 Fervor
21:02 Sanctity
21:08 Horse Collar
25:45 Wheelbarrow
25:27 Town Watch
26:06 Scale Barding Armor
26:19 Husbandry
26:26 Gold Mining
27:21 Stone Mining
27:57 Heavy Plow
28:10 Bow Saw
29:00 Bloodlines
33:18 Imperial Age
31:31 Stone Shaft Mining
31:31 Gold Shaft Mining
32:12 Chain Barding Armor
32:12 Forging
33:36 Cavalier
36:00 Plate Barding Armor
36:30 Iron Casting
36:20 Conscription
35:24 Light Cavalry
36:25 Town Patrol
37:09 Hand Cart
37:32 Elite Battle Elephant
38:16 Tusk Swords
38:08 Hussar
41:15 Gold Shaft Mining
41:41 Crop Rotation
46:47 Blast Furnace
divineslain
5:08 Loom
12:07 Feudal Age
16:06 Castle Age
14:49 Horse Collar
14:56 Double-Bit Axe
16:20 Gold Mining
16:21 Stone Mining
17:38 Bow Saw
24:23 Stone Mining
26:40 Stone Shaft Mining
26:09 Elite Skirmisher
31:57 Imperial Age
29:27 Fletching
29:38 Padded Archer Armor
31:08 Thumb Ring
31:20 Leather Archer Armor
31:01 Bodkin Arrow
31:32 Chatras
31:50 Heavy Plow
32:17 Imperial Skirmisher
34:10 Two-Man Saw
33:51 Ring Archer Armor
33:22 Bracer
33:51 Treadmill Crane
36:20 Chemistry
35:41 Ballistics
36:45 Elite Battle Elephant
37:59 Fortified Wall
43:57 Husbandry
44:08 Bloodlines
44:08 Scale Barding Armor
44:13 Forging
46:16 Chain Barding Armor
46:31 Iron Casting
45:57 Light Cavalry
alejobr0790
12:12 Feudal Age
16:15 Castle Age
15:24 Gold Mining
16:10 Double-Bit Axe
16:16 Horse Collar
25:23 Imperial Age
23:33 Heavy Plow
24:43 Bow Saw
27:16 Padded Archer Armor
31:51 Wheelbarrow
35:17 Gold Shaft Mining
35:37 Fletching
36:15 Scale Barding Armor
36:10 Scale Mail Armor
37:55 Chain Barding Armor
37:47 Forging
37:30 Heavy Camel Rider
39:32 Hand Cart
40:00 Chain Mail Armor
41:21 Plate Barding Armor
41:16 Plate Mail Armor
47:31 Leather Archer Armor
47:11 Bodkin Arrow
47:52 Iron Casting
Ace
0:31 Loom
11:28 Feudal Age
11:56 Double-Bit Axe
12:48 Wheelbarrow
14:12 Horse Collar
17:27 Gold Mining
17:28 Stone Mining
23:32 Castle Age
21:33 Man-at-Arms
22:32 Scale Mail Armor
24:17 Heavy Plow
24:38 Bow Saw
24:51 Hand Cart
27:11 Gold Shaft Mining
27:28 Forging
27:33 Chain Mail Armor
29:11 Iron Casting
29:50 Squires
29:20 Long Swordsman
31:37 Town Watch
BountyMango
11:51 Feudal Age
13:48 Double-Bit Axe
23:04 Castle Age
22:20 Forging
22:16 Scale Barding Armor
23:07 Gold Mining
23:08 Stone Mining
23:01 Horse Collar
27:20 Gold Shaft Mining
26:57 Bow Saw
26:50 Heavy Plow
29:16 Light Cavalry
30:40 Bloodlines
31:13 Iron Casting
30:58 Chain Barding Armor
37:36 Caravan
40:26 Imperial Age
40:36 Elite Kipchak
41:18 Steppe Husbandry
41:19 Cuman Mercenaries
41:41 Conscription
40:53 Sappers
42:10 Cavalier
43:24 Hussar
43:37 Heavy Cavalry Archer
hoijertz
10:41 Feudal Age
15:01 Castle Age
13:15 Double-Bit Axe
16:19 Bow Saw
15:52 Horse Collar
21:11 Wheelbarrow
20:23 Loom
23:37 Chemistry
22:28 Pikeman
24:24 Hand Cart
25:15 Squires
26:35 Ballistics
26:49 Forging
26:53 Heavy Plow
27:31 Fletching
27:43 Padded Archer Armor
30:43 Imperial Age
29:41 Fervor
31:57 Town Watch
32:33 Wagenburg Tactics
32:23 Elite Hussite Wagon
35:08 Siege Engineers
38:46 Iron Casting
39:08 Conscription
39:55 Scale Mail Armor
41:18 Halberdier
43:01 Blast Furnace
42:39 Houfnice
Connection lost

Rejoining the realm…

Still unreachable

The connection could not be restored.

Session expired

The server has moved on; the page needs a fresh start.